 Dungeon Sprint DCSS version 0.20-a0-46-g4a4b873 (webtiles) character file.

1223 Faca the Carver (level 8, -3/81 HPs)
             Began as a Deep Dwarf Fighter on Nov 15, 2016.
             Was a Believer of Okawaru.
             Slain by a demonic crawler (7 damage)
             ... in the Dungeon (Sprint I: "Red Sonja").
             The game lasted 00:05:42 (231 turns).

Faca the Carver (Deep Dwarf Fighter)                 Turns: 231, Time: 00:05:43

Health: -3/81      AC:  8    Str: 21    XL:     8   Next: 23%
Magic:  7/8        EV: 12    Int: 12    God:    Okawaru [**....]
Gold:   419        SH: 12    Dex: 14    Spells: 0 memorised, 7 levels left

rFire  . . .     SeeInvis .     a - +0 long sword
rCold  . . .     Gourm    .     b - +0 scale mail
rNeg   . . .     Faith    .     c - +0 shield
rPois  .         Spirit   .     (no helmet)
rElec  .         Reflect  .     (no cloak)
rCorr  .         Harm     .     (no gloves)
MR     +....     NoTele   +     (no boots)
Stlth  ..........               (no amulet)
                                (no ring)
                                m - +4 ring of intelligence

@: non-regenerating
A: damage resistance, recharge devices, sense surroundings 1, slow regeneration
3
a: Device Recharging, Heroism, Renounce Religion


You were in the Dungeon.
You worshipped Okawaru.
Okawaru was pleased with you.
You were not hungry.

You visited 1 branch You collected 419 gold pieces.

Inventory:

Hand Weapons
 a - a +0 long sword (weapon)
Armour
 b - a +0 scale mail (worn)
 c - a +0 shield (worn)
Jewellery
 m - a +4 ring of intelligence (left hand)
Wands
 e - a wand of heal wounds (6/9)
Scrolls
 l - a scroll of blinking
Potions
 d - a potion of might
 g - a potion of curing
 h - a potion of heal wounds
 i - a potion of haste
 j - 2 potions of magic
 k - a potion of berserk rage
Comestibles
 f - a bread ration


   Skills:
 + Level 8.0 Fighting
 + Level 10.3 Long Blades
 + Level 9.3 Armour
 + Level 4.9 Dodging
 + Level 10.0 Shields
 + Level 2.7 Evocations


You had 7 spell levels left.
You didn't know any spells.

Dungeon Overview and Level Annotations

Branches:
Dungeon (1/1)

Altars:
Cheibriados
Dithmenos
Elyvilon
Fedhas
Gozag
Hepliaklqana
Kikubaaqudgha
Makhleb
Nemelex Xobeh
Okawaru
Qazlal
Ru
Sif Muna
Trog
Uskayaw
Vehumet
Xom
Yredelemnul
Zin
The Shining One
Jiyva
Lugonu

Shops:
D }


Innate Abilities, Weirdness & Mutations

You are resistant to damage.
You can recharge devices by infusing magical energy.
You passively map a small area around you.
You do not regenerate.


Message History

* * * LOW HITPOINT WARNING * * *
The demonic crawler hits you.
* * * LOW HITPOINT WARNING * * *
You block the demonic crawler's attack. The demonic crawler closely misses you.
You hit the demonic crawler.
The demonic crawler is heavily wounded.
The demonic crawler hits you.
* * * LOW HITPOINT WARNING * * *
The demonic crawler hits you but does no damage.
You block the demonic crawler's attack. The demonic crawler closely misses you.
You block the demonic crawler's attack.
The demonic crawler barely misses you. x2
You riposte.
You hit the demonic crawler.
The demonic crawler is lightly wounded.
The demonic crawler hits you.
* * * LOW HITPOINT WARNING * * *
The demonic crawler barely misses you.
You closely miss the demonic crawler.
The demonic crawler is heavily wounded.
The demonic crawler hits you!
You die...

######################*
..)..#..'..#__#.sss..#, *
..#..').#..'^.'.@#...#
####'#####'#__####...s..#
###..#...#.####,,*####..+
* __####..##.# ,,* ##
_____##'#..+≈ ≈, ,
_.∩...'..._#≈≈≈,, , ,
_..__##_.#+# * _____###+#
, * * , ###### * * * * ,
*


You could see 3 demonic crawlers.

Vanquished Creatures
  2 kobold demonologists (D)
  A slime creature (D)
  Sigmund (D)
  A yak (D)
  A floating eye (D)
  An ogre (D)
  A jelly (D)
  Ijyb (D)
9 creatures vanquished.

Notes
Turn   | Place    | Note
-------+----------+-------------------------------------------
     0 | D        | Faca the Deep Dwarf Fighter began the quest for the Orb.
     0 | D        | Reached XP level 1. HP: 20/20 MP: 1/1
     2 | D        | Noticed Ijyb
    13 | D        | Killed Ijyb
    13 | D        | Reached skill level 5 in Armour
    13 | D        | Reached XP level 2. HP: 28/30 MP: 2/2
    17 | D        | Noticed an ogre
    26 | D        | Killed an ogre
    26 | D        | Reached skill level 5 in Fighting
    26 | D        | Reached skill level 1 in Dodging
    26 | D        | Reached skill level 5 in Shields
    26 | D        | Reached XP level 3. HP: 22/39 MP: 3/3
    26 | D        | Reached XP level 4. HP: 26/46 MP: 4/4
    30 | D        | Noticed Sigmund
    49 | D        | Killed Sigmund
    49 | D        | Reached XP level 5. HP: 15/55 MP: 5/5
    49 | D        | Reached XP level 6. HP: 17/62 MP: 6/6
    73 | D        | Found a deep blue altar of Sif Muna.
    75 | D        | Found a radiant altar of Vehumet.
   100 | D        | Found Bikhlycla's Gadget Emporium.
   100 | D        | Found an ancient bone altar of Kikubaaqudgha.
   100 | D        | Found a hazy altar of Hepliaklqana.
   100 | D        | Found a hide-covered altar of Uskayaw.
   100 | D        | Found a basalt altar of Yredelemnul.
   100 | D        | Found an opulent altar of Gozag.
   100 | D        | Found a snail-covered altar of Cheibriados.
   100 | D        | Found a sacrificial altar of Ru.
   100 | D        | Found a shadowy altar of Dithmenos.
   100 | D        | Noticed a yak
   113 | D        | Killed a yak
   116 | D        | Found a stormy altar of Qazlal.
   116 | D        | Found a blossoming altar of Fedhas.
   116 | D        | Found a bloodstained altar of Trog.
   116 | D        | Found an iron altar of Okawaru.
   116 | D        | Found a glowing golden altar of the Shining One.
   116 | D        | Found a glowing silver altar of Zin.
   116 | D        | Found a white marble altar of Elyvilon.
   117 | D        | Found a sparkling altar of Nemelex Xobeh.
   127 | D        | Became a worshipper of Warmaster Okawaru
   142 | D        | Found a burning altar of Makhleb.
   142 | D        | Found a viscous altar of Jiyva.
   142 | D        | Found a shimmering altar of Xom.
   142 | D        | Found a corrupted altar of Lugonu.
   142 | D        | Noticed a slime creature
   158 | D        | Killed a slime creature
   158 | D        | Reached skill level 1 in Evocations
   158 | D        | Reached XP level 7. HP: 47/72 MP: 4/6
   174 | D        | Noticed a kobold demonologist
   175 | D        | Noticed a kobold demonologist
   176 | D        | Paralysed by a floating eye for 4 turns
   180 | D        | Reached * piety under Okawaru
   193 | D        | Killed a kobold demonologist
   193 | D        | Reached skill level 10 in Long Blades
   203 | D        | Noticed a red devil
   214 | D        | Killed a kobold demonologist
   214 | D        | Reached ** piety under Okawaru
   214 | D        | Reached skill level 10 in Shields
   214 | D        | Reached XP level 8. HP: 50/81 MP: 6/8
   215 | D        | Noticed a demonic crawler
   215 | D        | Noticed a demonic crawler
   215 | D        | Noticed a demonic crawler
   215 | D        | Noticed a demonic crawler
   230 | D        | HP: 4/81 [demonic crawler (1)]
   231 | D        | Slain by a demonic crawler

Vault maps used:
D:        dungeon_sprint_1

Skill      XL: |  1  2  3  4  5  6  7 |
---------------+----------------------+-----
Fighting       | 3 5 6 7 8 |  8.0
Armour         | 5 6 7 8 9 |  9.3
Shields        | 4 5 7 8 10 | 10.0
Long Blades    | 4 6 8 10 | 10.3
Dodging        | 1 2 3 4 |  4.9
Evocations     | 1 2 |  2.7

Action                   |  1- 3 |  4- 6 |  7- 9 || total
-------------------------+-------+-------+-------++-------
Melee: Long sword        |    18 |    47 |    47 ||   112
 Abil: Device Recharging |       |     2 |       ||     2
Evoke: Wand              |       |     4 |     2 ||     6
Armor: Scale mail        |     2 |     7 |    48 ||    57
Dodge: Dodged            |     7 |     6 |    70 ||    83
Block: Shield            |     8 |    16 |    76 ||   100
       Rpst.: Long sword |     1 |     2 |     5 ||     8
